AoeStats
← Jon

Nomad

506096980Analyzed
2v2 RM · 20d ago on Sep 12, 2026· 45m 17s· 4 players
Game mode
Random Map
Map size
176×176
Population
200
Speed
Normal
Resources
Standard
Victory
Conquest
Starting age
Dark Age
Ending age
Imperial Age
RankedLock teamsTeams togetherTeam positionsShared explorationLock speedFull tech treeHidden civsTurbo modeCheats
Victory
Defeat
🇳🇱 Maya · Netherlands
1027
+14
🇳🇱 Poles · Netherlands
1019
+15
🇬🇧 Bulgarians · United Kingdom
1015
-16
🇫🇷 Persians · France
963
-13
Niels
10:43 Loom
13:43 Feudal Age
14:10 Horse Collar
15:36 Wheelbarrow
18:05 Double-Bit Axe
18:01 Horse Collar
21:07 Bloodlines
23:40 Scale Barding Armor
23:46 Forging
25:26 Gold Mining
25:28 Stone Mining
28:16 Castle Age
28:28 Light Cavalry
29:13 Husbandry
29:37 Chain Barding Armor
33:11 Iron Casting
33:13 Bow Saw
33:06 Heavy Plow
34:23 Szlachta Privileges
35:57 Stone Shaft Mining
37:15 Hand Cart
42:09 Imperial Age
42:13 Cavalier
43:57 Blast Furnace
43:36 Crop Rotation
Jon
3:38 Loom
13:49 Feudal Age
14:27 Double-Bit Axe
14:26 Horse Collar
15:34 Town Watch
19:09 Gold Mining
20:50 Wheelbarrow
21:32 Padded Archer Armor
21:23 Fletching
26:56 Castle Age
26:59 Crossbowman
27:46 Thumb Ring
27:57 Leather Archer Armor
27:58 Bow Saw
29:49 Medium Warships
31:03 Bodkin Arrow
40:32 Ballistics
43:20 Imperial Age
41:31 Heavy Plow
43:13 Hand Cart
43:36 Arbalester
46:04 Ring Archer Armor
45:34 Bracer
titoluis2010
16:00 Feudal Age
18:10 Fishing Lines
20:48 Forging
21:14 Scale Barding Armor
21:37 Scale Mail Armor
25:30 Castle Age
23:23 Horse Collar
24:42 Bloodlines
24:53 Arson
25:32 Light Cavalry
26:06 Double-Bit Axe
26:50 Squires
27:37 Iron Casting
27:34 Bow Saw
28:51 Gold Mining
29:49 Gillnets
31:35 Wheelbarrow
31:51 Heavy Plow
31:48 Pikeman
34:45 Gambesons
36:17 Husbandry
36:43 Chain Barding Armor
37:23 Stirrups
39:42 Hand Cart
47:27 Imperial Age
gaelb38
3:13 Loom
19:46 Feudal Age
20:33 Fishing Lines
20:42 Horse Collar
20:54 Gold Mining
20:55 Stone Mining
20:56 Double-Bit Axe
23:13 Wheelbarrow
22:24 Town Watch
27:35 Castle Age
28:49 Bow Saw
28:42 Heavy Plow
29:57 Forging
29:53 Scale Barding Armor
30:57 Husbandry
31:08 Bloodlines
34:44 Gold Shaft Mining
34:44 Stone Shaft Mining
34:39 Hand Cart
35:10 Murder Holes
35:36 Ballistics
36:34 Masonry
37:51 Kamandaran
41:23 Fletching
41:34 Padded Archer Armor
41:05 Crossbowman
42:41 Bodkin Arrow
43:08 Leather Archer Armor
43:39 Thumb Ring
Connection lost

Rejoining the realm…

Still unreachable

The connection could not be restored.

Session expired

The server has moved on; the page needs a fresh start.